[Event "Titled Tuesday Blitz October 11 Late 2022"]
[White "Ibadov, Dashgyn"]
[Black "Aguilar, Juan"]
[WhiteFideId "24107514"]
[BlackFideId "3800091"]
[WhiteElo "2208"]
[BlackElo "2390"]
[Result "0-1"]
[Round "07"]
[TimeControl "180+1"]
[Date "2022.10.12"]
[WhiteClock "0:00:04"]
[BlackClock "0:00:10"]

1. e4 c5 2. Nc3 a6 3. d4 cxd4 4. Qxd4 Nc6 5. Qd2 Nf6 6. b3 e6 7. Bb2 Bb4 8. f3 d5 9. a3 Bxc3 10. Bxc3 dxe4 11. Qg5 Nd5 12. Qxg7 Rf8 13. O-O-O Qb6 14. fxe4 Nxc3 15. Qxc3 Bd7 16. Nf3 O-O-O 17. e5 Kb8 18. Kb2 Bc8 19. Bd3 h6 20. Be4 Ne7 21. a4 Rg8 22. g3 Ng6 23. a5 Qc7 24. Qxc7+ Kxc7 25. c4 Bd7 26. Kc3 Bc6 27. Bxc6 Kxc6 28. Rhf1 Rxd1 29. Rxd1 Kc7 30. b4 h5 31. b5 h4 32. b6+ Kc8 33. c5 hxg3 34. hxg3 Ne7 35. Kc4 Rxg3 36. Nd4 Rg4 37. Rh1 Ng6 38. Rh8+ Nxh8 0-1


[Site "https://www.chess.com"]

[Event "Titled Tuesday Blitz October 11 Late 2022"]
[White "Iliaguev, Nisim"]
[Black "Principe, Gerson"]
[WhiteFideId "2817276"]
[BlackFideId "3804550"]
[WhiteElo "2264"]
[BlackElo "2280"]
[Result "1-0"]
[Round "07"]
[TimeControl "180+1"]
[Date "2022.10.11"]
[WhiteClock "0:01:04"]
[BlackClock "0:00:08"]

1. d4 Nf6 2. g3 e6 3. Bg2 d5 4. Nf3 b6 5. O-O Bb7 6. c4 Be7 7. Ne5 O-O 8. Nc3 c5 9. dxc5 bxc5 10. cxd5 exd5 11. Bg5 Nbd7 12. Nxd7 Qxd7 13. Bxf6 Bxf6 14. Nxd5 Bxd5 15. Bxd5 Rab8 16. Rc1 Rfd8 17. Bb3 Bxb2 18. Qxd7 Rxd7 19. Rxc5 g6 20. Kg2 Rbd8 21. e3 Kg7 22. h4 h5 23. Rb1 Ba3 24. Ra5 Bb4 25. Rb5 Bd6 26. Rc1 Bc7 27. a4 Bd6 28. Rc6 Be7 29. a5 Rd2 30. a6 R8d7 31. Rc2 Rxc2 32. Bxc2 Rd8 33. Rb7 Bc5 34. Bb3 Rf8 35. Bd5 Bb6 36. Rxb6 axb6 37. a7 1-0


[Site "https://www.chess.com"]

[Event "Titled Tuesday Blitz October 11 Late 2022"]
[White "Indjic, Aleksandar"]
[Black "Matinian, Nikita"]
[WhiteFideId "911925"]
[BlackFideId "24129100"]
[WhiteElo "2592"]
[BlackElo "2422"]
[Result "1-0"]
[Round "07"]
[TimeControl "180+1"]
[Date "2022.10.11"]
[WhiteClock "0:00:48"]
[BlackClock "0:00:09"]

1. d4 Nf6 2. c4 g6 3. Nc3 Bg7 4. e4 d6 5. Nf3 O-O 6. Be2 Nc6 7. d5 Nb8 8. Bg5 h6 9. Be3 c5 10. Nd2 a6 11. a4 a5 12. g4 Na6 13. h4 Nh7 14. f4 Nb4 15. f5 Re8 16. Nf3 gxf5 17. gxf5 Kh8 18. Ng5 hxg5 19. hxg5 e6 20. f6 Bxf6 21. gxf6 Qxf6 22. Kd2 exd5 23. Rxh7+ Kxh7 24. Qh1+ Kg8 25. Rf1 Qe5 26. cxd5 Bd7 27. Qh4 Rac8 28. Rg1+ 1-0


[Site "https://www.chess.com"]

[Event "Titled Tuesday Blitz October 11 Late 2022"]
[White "Issani, Nameer"]
[Black "Ibarra Jerez, Jose Carlos"]
[WhiteFideId "2619130"]
[BlackFideId "2226332"]
[WhiteElo "2680"]
[BlackElo "2627"]
[Result "0-1"]
[Round "07"]
[TimeControl "180+1"]
[Date "2022.10.11"]
[WhiteClock "0:00:08"]
[BlackClock "0:00:35"]

1. d4 Nf6 2. c4 d6 3. Nc3 e5 4. e4 exd4 5. Qxd4 Nc6 6. Qd1 g6 7. f3 Bg7 8. Be3 O-O 9. Nge2 Nd7 10. Qd2 a6 11. O-O-O b5 12. Nd4 Nce5 13. cxb5 axb5 14. Bd3 b4 15. Nd5 Rxa2 16. Kb1 Ra8 17. f4 Nxd3 18. Nc6 Qe8 19. Qxd3 Nc5 20. Bxc5 dxc5 21. Rhe1 Kh8 22. Nce7 Qa4 23. e5 Qa2+ 24. Kc2 c4 25. Qe3 c3 26. Qc1 Bd7 27. Nxb4 Ba4+ 28. Kd3 Qe6 29. Ned5 c5 30. Qxc3 cxb4 31. Nxb4 Bxd1 32. Rxd1 Rfd8+ 33. Ke2 Rxd1 34. Kxd1 Rc8 35. Qd3 Bf8 36. Nd5 Rd8 0-1


[Site "https://www.chess.com"]

[Event "Titled Tuesday Blitz October 11 Late 2022"]
[White "Janaszak, Dawid"]
[Black "Bilan, Danila"]
[WhiteFideId "1119206"]
[BlackFideId "24161918"]
[WhiteElo "2226"]
[BlackElo "2203"]
[Result "1-0"]
[Round "07"]
[TimeControl "180+1"]
[Date "2022.10.12"]
[WhiteClock "0:01:34"]
[BlackClock "0:00:01"]

1. e4 c6 2. d4 d5 3. exd5 cxd5 4. Bd3 Nc6 5. c3 Qc7 6. Ne2 Bg4 7. O-O e6 8. Qe1 Bd6 9. f3 Bh5 10. Qh4 Nf6 11. Bg5 Bg6 12. Bxg6 fxg6 13. Bxf6 gxf6 14. Qxf6 Kd7 15. Qh4 g5 16. Qh5 Ne7 17. Na3 a6 18. Nc2 Ng6 19. Ne1 Raf8 20. Nd3 Kc8 21. Rae1 Rf6 22. b4 h6 23. Nc5 Bxc5 24. bxc5 Nf4 25. Nxf4 Qxf4 26. Re5 Qd2 27. Qg4 Re8 28. c4 Rf4 29. Qh5 Qxd4+ 30. Kh1 Qxe5 31. Qxe8+ Kc7 32. c6 Rxc4 33. cxb7 Kxb7 34. Rb1+ Kc7 35. Qb8+ 1-0


[Site "https://www.chess.com"]

[Event "Titled Tuesday Blitz October 11 Late 2022"]
[White "Jaracz, Pawel"]
[Black "Tari, Aryan"]
[WhiteFideId "1102222"]
[BlackFideId "1510045"]
[WhiteElo "2459"]
[BlackElo "2612"]
[Result "0-1"]
[Round "07"]
[TimeControl "180+1"]
[Date "2022.10.11"]
[WhiteClock "0:00:10"]
[BlackClock "0:00:26"]

1. e4 c6 2. d4 d5 3. Nc3 dxe4 4. Nxe4 Nf6 5. Nxf6+ exf6 6. c3 Bd6 7. Bd3 O-O 8. Qc2 Re8+ 9. Ne2 h5 10. O-O h4 11. Be3 Nd7 12. Rad1 Nf8 13. c4 Bd7 14. h3 Rc8 15. Nf4 Bb8 16. c5 Qc7 17. Rfe1 Ne6 18. g3 Ng5 19. Kg2 hxg3 20. fxg3 Bxh3+ 21. Kf2 Bg4 22. Rh1 Bxd1 23. Qxd1 Qe7 24. Bc1 Qd7 25. Bc2 Rcd8 26. Qh5 Qxd4+ 27. Kg2 Kf8 28. Qh8+ Ke7 29. Qxg7 Bxf4 30. Bxf4 Qd5+ 31. Kg1 Qxc5+ 32. Kf1 Qxc2 0-1


[Site "https://www.chess.com"]

[Event "Titled Tuesday Blitz October 11 Late 2022"]
[White "Jean Louis, Marckens"]
[Black "Shandrygin, Nikita"]
[WhiteFideId "11900270"]
[BlackFideId "24198668"]
[WhiteElo "2030"]
[BlackElo "2323"]
[Result "1-0"]
[Round "07"]
[TimeControl "180+1"]
[Date "2022.10.12"]
[WhiteClock "0:00:18"]
[BlackClock "0:00:02"]

1. d4 Nf6 2. c4 e6 3. Nc3 Bb4 4. Qc2 O-O 5. e4 c5 6. a3 Bxc3+ 7. bxc3 Nc6 8. Nf3 d6 9. Be2 e5 10. dxe5 dxe5 11. O-O h6 12. Be3 Qe7 13. Rad1 b6 14. h3 Na5 15. Nh4 Ng4 16. Nf5 Bxf5 17. exf5 Nxe3 18. fxe3 Qg5 19. Rf3 Rad8 20. f6 Rxd1+ 21. Qxd1 gxf6 22. Kh2 Kh8 23. Rg3 Qf5 24. Bg4 Qh7 25. Qd6 Rg8 26. Qxf6+ Qg7 27. Qh4 Nxc4 28. Rf3 Qg5 29. Qf2 Nd6 30. Qd2 Qg6 31. Qd5 c4 32. Qxe5+ Rg7 33. Rf6 Qg5 34. Qxd6 h5 35. Rh6+ Kg8 36. Qb8+ 1-0


[Site "https://www.chess.com"]

[Event "Titled Tuesday Blitz October 11 Late 2022"]
[White "Jensen, Matthew R"]
[Black "Winterberg, Lukas"]
[WhiteFideId "2018110"]
[BlackFideId "24622702"]
[WhiteElo "2307"]
[BlackElo "2349"]
[Result "1/2-1/2"]
[Round "07"]
[TimeControl "180+1"]
[Date "2022.10.12"]
[WhiteClock "0:00:04"]
[BlackClock "0:00:06"]

1. d4 Nf6 2. c4 e6 3. g3 d5 4. Bg2 Be7 5. Nf3 O-O 6. O-O dxc4 7. Na3 Bxa3 8. bxa3 b5 9. a4 a6 10. Ba3 Re8 11. Ne5 c6 12. Nxc6 Nxc6 13. Bxc6 Bd7 14. Bxa8 Qxa8 15. f3 e5 16. e4 Bh3 17. Re1 Rd8 18. d5 Qa7+ 19. Kh1 Qf2 20. Rg1 h5 21. Be7 Ng4 22. fxg4 Bxg4 23. Rg2 Bf3 24. Qg1 Qb2 25. Rf1 Bxe4 26. Bxd8 c3 27. Qf2 c2 28. Qxf7+ Kh7 29. Qxh5+ Kg8 30. Qe8+ Kh7 31. Qh5+ Kg8 32. Qe8+ Kh7 33. Qh5+ 1/2-1/2


[Site "https://www.chess.com"]

[Event "Titled Tuesday Blitz October 11 Late 2022"]
[White "Jobava, Baadur"]
[Black "Pakleza, Zbigniew"]
[WhiteFideId "13601520"]
[BlackFideId "1119290"]
[WhiteElo "2582"]
[BlackElo "2411"]
[Result "1-0"]
[Round "07"]
[TimeControl "180+1"]
[Date "2022.10.11"]
[WhiteClock "0:00:09"]
[BlackClock "0:00:05"]

1. b3 d5 2. Bb2 Nf6 3. d3 Bf5 4. Nd2 e6 5. g3 h6 6. Bg2 Be7 7. e4 Bh7 8. Ne2 O-O 9. O-O c5 10. exd5 exd5 11. Nf4 Nc6 12. Re1 Re8 13. a4 Rc8 14. Rb1 Nb4 15. Bxf6 Bxf6 16. Rxe8+ Qxe8 17. Nxd5 Nxd5 18. Bxd5 b6 19. Be4 Qd7 20. Qf3 Bd4 21. Bxh7+ Kxh7 22. Re1 Rc6 23. Qe4+ g6 24. Qe7 Qf5 25. Qe2 Re6 26. Ne4 Kg7 27. Kg2 h5 28. h4 Qd5 29. Qf3 Qf5 30. Re2 Qd5 31. c3 Bf6 32. Nxf6 Qxf3+ 33. Kxf3 Rxf6+ 34. Ke3 Re6+ 35. Kd2 Rd6 36. Re7 a6 37. Re4 Kf6 38. d4 Kf5 39. Re5+ Kg4 40. Ke3 cxd4+ 41. cxd4 Rf6 42. Re4+ Kh3 43. d5 Kg2 44. Rf4 Rd6 45. Kd4 f5 46. Ke5 Rd8 47. d6 Re8+ 48. Kf6 Re2 49. Rd4 Re8 50. d7 Rd8 51. Kxg6 Kxf2 52. Kxf5 Ke3 53. Rd6 b5 54. axb5 axb5 55. Ke6 Rxd7 56. Kxd7 1-0


[Site "https://www.chess.com"]

[Event "Titled Tuesday Blitz October 11 Late 2022"]
[White "Kaganskiy, Gleb"]
[Black "Banzea, Alexandru-Bogdan"]
[WhiteFideId "4132025"]
[BlackFideId "1232622"]
[WhiteElo "2165"]
[BlackElo "2294"]
[Result "0-1"]
[Round "07"]
[TimeControl "180+1"]
[Date "2022.10.12"]
[WhiteClock "0:00:24"]
[BlackClock "0:00:36"]

1. e4 e6 2. d4 d5 3. Nd2 c5 4. exd5 Qxd5 5. Ngf3 cxd4 6. Bc4 Qd7 7. O-O Nc6 8. Nb3 a6 9. Nbxd4 Nxd4 10. Qxd4 Qxd4 11. Nxd4 Bd7 12. Be2 Rc8 13. Bf3 Bc5 14. Nb3 Ba7 15. c3 Bc6 16. Bxc6+ Rxc6 17. Re1 Nf6 18. Be3 Bxe3 19. Rxe3 O-O 20. Rd3 Nd5 21. g3 g5 22. Rad1 Kg7 23. Na5 Rc7 24. a3 g4 25. c4 Nf6 26. Rd6 Ne4 27. Rb6 h5 28. b4 Rb8 29. c5 Nc3 30. Rc1 Ne2+ 0-1


[Site "https://www.chess.com"]

[Event "Titled Tuesday Blitz October 11 Late 2022"]
[White "Kobla, Vishal"]
[Black "Czernek, Tymon"]
[WhiteFideId "2078457"]
[BlackFideId "1199510"]
[WhiteElo "1972"]
[BlackElo "2240"]
[Result "0-1"]
[Round "07"]
[TimeControl "180+1"]
[Date "2022.10.12"]
[WhiteClock "0:00:04"]
[BlackClock "0:01:14"]

1. e4 c5 2. Nf3 d6 3. d4 cxd4 4. Nxd4 Nf6 5. Nc3 a6 6. Bg5 e6 7. f4 h6 8. Bh4 Qb6 9. Qd3 Qxb2 10. Rb1 Qa3 11. Be2 Be7 12. f5 Nxe4 13. Nxe4 Bxh4+ 14. g3 Qxd3 15. Bxd3 Be7 16. O-O e5 17. f6 exd4 18. fxe7 Kxe7 19. Rbe1 Be6 20. Bc4 Bxc4 21. Nf6+ Be6 22. Nd5+ Kd8 23. Nb6 Ra7 24. Rf4 Nc6 0-1


[Site "https://www.chess.com"]

[Event "Titled Tuesday Blitz October 11 Late 2022"]
[White "Kollars, Dmitrij"]
[Black "Gokerkan, Cem Kaan"]
[WhiteFideId "12909572"]
[BlackFideId "6336760"]
[WhiteElo "2584"]
[BlackElo "2365"]
[Result "1-0"]
[Round "07"]
[TimeControl "180+1"]
[Date "2022.10.11"]
[WhiteClock "0:01:46"]
[BlackClock "0:01:20"]

1. Nf3 Nf6 2. g3 g6 3. Bg2 Bg7 4. O-O O-O 5. c4 c6 6. d4 d5 7. a4 dxc4 8. Na3 Be6 9. Ng5 Bd5 10. e4 h6 11. exd5 hxg5 12. dxc6 Nxc6 13. Bxg5 Qxd4 14. Bxc6 Qxd1 15. Rfxd1 bxc6 16. Bxf6 Bxf6 17. Nxc4 Rab8 18. Rd7 Rb4 19. Rc1 Rxa4 20. b3 Ra2 21. Ne3 Rb8 22. Rxc6 Rxb3 23. Ng4 Rb1+ 24. Kg2 Rbb2 25. Nxf6+ exf6 26. Rxf6 a5 27. Rfxf7 a4 28. Rf6 a3 29. Rxg6+ Kf8 30. Rf6+ Ke8 31. Ra7 Re2 32. h4 1-0


[Site "https://www.chess.com"]

[Event "Titled Tuesday Blitz October 11 Late 2022"]
[White "Kostiukov, Alexandr"]
[Black "Zochowski, Kacper"]
[WhiteFideId "14108100"]
[BlackFideId "1125494"]
[WhiteElo "2202"]
[BlackElo "2292"]
[Result "0-1"]
[Round "07"]
[TimeControl "180+1"]
[Date "2022.10.12"]
[WhiteClock "0:00:21"]
[BlackClock "0:01:00"]

1. g3 g6 2. Bg2 Bg7 3. Nf3 e5 4. c4 d6 5. O-O Ne7 6. d4 e4 7. Ng5 f5 8. Nc3 h6 9. Nh3 g5 10. f3 exf3 11. exf3 O-O 12. Be3 d5 13. cxd5 Nxd5 14. Nxd5 Qxd5 15. f4 Qe6 16. Qb3 Qxb3 17. axb3 g4 18. Nf2 c6 19. Nd3 Nd7 20. Ne5 Nf6 21. b4 a6 22. Rfc1 Be6 23. Nd3 Rad8 24. Nc5 Bc8 25. b5 axb5 26. Ra8 Rfe8 27. Kf2 Nd7 28. Rxc8 Nxc5 29. Rxd8 Nd3+ 30. Kf1 Rxd8 31. Ra1 Nxb2 32. Ra7 Nc4 33. Bf2 Bxd4 34. Bxd4 Rxd4 35. Rxb7 Ne3+ 36. Kf2 Nxg2 37. Kxg2 b4 38. Kf2 Rc4 39. Ke3 c5 40. Kd2 Rc3 41. Rc7 Kf8 42. Rc6 c4 43. Rf6+ Kg7 44. Rxf5 Rd3+ 45. Ke2 b3 46. Rb5 Rc3 47. Rb6 Rc2+ 48. Kd1 Rxh2 49. f5 b2 0-1


[Site "https://www.chess.com"]

[Event "Titled Tuesday Blitz October 11 Late 2022"]
[White "Kouskoutis, Georgios-Alexandros"]
[Black "Leiva, Gianmarco"]
[WhiteFideId "4234049"]
[BlackFideId "3804399"]
[WhiteElo "2561"]
[BlackElo "2749"]
[Result "1-0"]
[Round "07"]
[TimeControl "180+1"]
[Date "2022.10.12"]
[WhiteClock "0:00:59"]
[BlackClock "0:00:01"]

1. c4 e6 2. g3 d5 3. Bg2 Nf6 4. Nf3 d4 5. O-O c5 6. e3 Nc6 7. exd4 cxd4 8. d3 Bd6 9. Na3 e5 10. Nc2 a5 11. Bg5 h6 12. Bxf6 Qxf6 13. Re1 O-O 14. Nd2 Qd8 15. a3 Re8 16. Rb1 a4 17. b4 axb3 18. Rxb3 Qc7 19. Nb4 Nxb4 20. axb4 Bd7 21. b5 Ra2 22. Bd5 Bf5 23. Qf3 Bg6 24. Ne4 b6 25. Rbb1 Bf8 26. c5 Bxe4 27. Rxe4 Bxc5 28. Bxa2 Qd7 29. Rbe1 Bd6 30. Bd5 Re7 31. Bc6 Qa7 32. R4e2 g6 33. Qd5 Kg7 34. Qxd6 Qa3 35. Qxa3 1-0


[Site "https://www.chess.com"]

[Event "Titled Tuesday Blitz October 11 Late 2022"]
[White "Kravtsiv, Martyn"]
[Black "Dubov, Daniil"]
[WhiteFideId "14113147"]
[BlackFideId "24126055"]
[WhiteElo "2694"]
[BlackElo "2791"]
[Result "1/2-1/2"]
[Round "07"]
[TimeControl "180+1"]
[Date "2022.10.11"]
[WhiteClock "0:00:10"]
[BlackClock "0:00:50"]

1. e4 c5 2. Nf3 Nc6 3. d4 cxd4 4. Nxd4 Nf6 5. Nc3 d6 6. g3 e5 7. Nde2 Be7 8. Bg2 O-O 9. O-O Be6 10. h3 Rc8 11. g4 a6 12. a3 b5 13. Ng3 g6 14. Bh6 Re8 15. Qd2 Na5 16. Nf5 Bf8 17. Bxf8 Rxf8 18. Nxd6 Rc7 19. Rad1 Rd7 20. Qg5 Nxg4 21. Nxf7 Bxf7 22. Qxd8 Rfxd8 23. hxg4 Rd2 24. Nd5 Rxd1 25. Rxd1 Kg7 26. b3 Nc6 27. Ne3 Rxd1+ 28. Nxd1 Nd4 29. Ne3 Kf6 30. f3 Kg5 31. Kf2 Be6 32. Bf1 h5 33. a4 bxa4 34. bxa4 a5 35. c3 Nb3 36. Bc4 Bxc4 37. Nxc4 Kf4 38. gxh5 gxh5 39. Kg2 Nc5 40. Nxa5 Nxa4 41. c4 Nc5 42. Nc6 Nd3 43. Kh3 Kg5 44. Ne7 Kf4 45. Kh4 Kxf3 46. Kxh5 Kxe4 47. Nc6 Nc5 48. Nxe5 Kxe5 49. Kh4 Kd4 50. Kg4 Kxc4 1/2-1/2


[Site "https://www.chess.com"]

[Event "Titled Tuesday Blitz October 11 Late 2022"]
[White "Krstic, Milos"]
[Black "Poltorak, Sebastian"]
[WhiteFideId "954888"]
[BlackFideId "1199498"]
[WhiteElo "2194"]
[BlackElo "2232"]
[Result "0-1"]
[Round "07"]
[TimeControl "180+1"]
[Date "2022.10.12"]
[WhiteClock "0:01:12"]
[BlackClock "0:02:16"]

1. e4 c5 2. Nf3 Nc6 3. d4 cxd4 4. Nxd4 Nf6 5. Nc3 e5 6. Ndb5 d6 7. Bg5 a6 8. Na3 b5 9. Bxf6 gxf6 10. Nd5 f5 11. c3 Bg7 12. exf5 Bxf5 13. Nc2 O-O 14. Nce3 Be6 15. Bd3 Ne7 16. Nxe7+ Qxe7 17. Be4 Rad8 18. Bd5 f5 19. Bxe6+ Qxe6 20. Qd5 Kf7 21. O-O-O f4 22. Qf3 Qxa2 23. Nf5 Qe6 24. Qg4 Qf6 25. g3 Kg8 26. Nxg7 Qxg7 27. Qe6+ Qf7 28. Rxd6 Qxe6 29. Rxe6 fxg3 30. fxg3 Rf2 31. Rxa6 Rdd2 32. Rd1 Rxb2 33. Ra7 Rfc2# 0-1


[Site "https://www.chess.com"]

[Event "Titled Tuesday Blitz October 11 Late 2022"]
[White "Krzywda, Andrzej"]
[Black "Sabar, Ethmane Daouda"]
[WhiteFideId "1114565"]
[BlackFideId "19600097"]
[WhiteElo "2149"]
[BlackElo "1950"]
[Result "1-0"]
[Round "07"]
[TimeControl "180+1"]
[Date "2022.10.12"]
[WhiteClock "0:01:15"]
[BlackClock "0:00:16"]

1. e4 c5 2. Nf3 Nc6 3. Bb5 e5 4. Bxc6 dxc6 5. d3 Qc7 6. O-O Nf6 7. h3 h6 8. Be3 Nd7 9. Nbd2 Be7 10. a3 Nf8 11. Nc4 Bd6 12. b4 cxb4 13. axb4 a6 14. Bb6 Qe7 15. Nxd6+ Qxd6 16. Bc5 Qf6 17. d4 Nd7 18. dxe5 Nxe5 19. Nxe5 Qxe5 20. f4 Qf6 21. f5 Qd8 22. Qg4 Qg5 23. Qe2 Bd7 24. Bd6 O-O-O 25. Rxa6 Bxf5 26. Rxf5 Qc1+ 27. Rf1 Qb2 28. Qg4+ Rd7 29. Ra8# 1-0


[Site "https://www.chess.com"]

[Event "Titled Tuesday Blitz October 11 Late 2022"]
[White "Lazavik, Denis"]
[Black "Zierk, Steven"]
[WhiteFideId "13515110"]
[BlackFideId "2034255"]
[WhiteElo "2437"]
[BlackElo "2494"]
[Result "1-0"]
[Round "07"]
[TimeControl "180+1"]
[Date "2022.10.11"]
[WhiteClock "0:00:08"]
[BlackClock "0:00:16"]

1. d4 d5 2. c4 c6 3. Nf3 Nf6 4. Qc2 dxc4 5. Qxc4 Bf5 6. g3 e6 7. Bg2 Be7 8. O-O O-O 9. Qb3 Qb6 10. Nbd2 Ne4 11. Nc4 Qxb3 12. axb3 Nd7 13. Na5 Rab8 14. Nh4 Nd6 15. Bf4 g5 16. Bxd6 Bxd6 17. Nxf5 exf5 18. Nc4 Bb4 19. Rxa7 Nf6 20. Ne5 f4 21. Nd3 Bd6 22. e4 fxe3 23. fxe3 Ng4 24. Re1 Rfe8 25. e4 Bc7 26. Ra4 b5 27. Ra6 Bb6 28. Kh1 Red8 29. d5 cxd5 30. exd5 Bd4 31. Re4 Nf2+ 32. Nxf2 Bxf2 33. Re5 Re8 34. Rxg5+ Kf8 35. Bf3 Bd4 36. Kg2 Re3 37. Rf5 Rxb3 38. Rc6 Rxb2+ 39. Kh3 Rf2 40. Rc7 f6 41. Rxh7 Re8 42. Rh8+ Kf7 43. Rxe8 Kxe8 44. Rf4 Ke7 45. Rxd4 Rxf3 46. Rb4 Kd6 47. Rxb5 Rf2 48. g4 Ke5 49. Kg3 Rd2 50. h3 Rd3+ 51. Kh4 Ra3 52. Rb6 Rf3 53. d6 Ke6 54. Rc6 Kd7 55. Ra6 Ke6 56. Ra5 Kxd6 57. Rf5 Rxf5 58. gxf5 Ke7 59. Kh5 1-0


[Site "https://www.chess.com"]

[Event "Titled Tuesday Blitz October 11 Late 2022"]
[White "Maksimovic, Bojan"]
[Black "Noboa Silva, Kevin"]
[WhiteFideId "14408120"]
[BlackFideId "3618471"]
[WhiteElo "2888"]
[BlackElo "2570"]
[Result "1-0"]
[Round "07"]
[TimeControl "180+1"]
[Date "2022.10.12"]
[WhiteClock "0:01:18"]
[BlackClock "0:00:06"]

1. e4 e6 2. d4 d5 3. Nc3 Nf6 4. Bg5 Be7 5. e5 Nfd7 6. Bxe7 Qxe7 7. Nb5 Nb6 8. c3 O-O 9. f4 a6 10. Na3 Bd7 11. Nf3 f5 12. Bd3 Nc6 13. O-O Na5 14. Qe2 Qe8 15. h3 Nbc4 16. Nb1 Qe7 17. b3 Nb6 18. Nbd2 c5 19. Kh2 c4 20. Bc2 cxb3 21. axb3 Nc6 22. Rg1 Be8 23. Qe3 Qc7 24. g4 Ne7 25. Nh4 Rc8 26. Rg3 fxg4 27. hxg4 Nd7 28. Rf1 b5 29. f5 b4 30. f6 Ng6 31. Nxg6 Bxg6 32. Bxg6 hxg6 33. c4 dxc4 34. Nxc4 Nb6 35. Nd6 Nd5 36. Qg5 Qc2+ 37. Rg2 Qd3 38. f7+ Rxf7 39. Rxf7 Ne3 40. Rf3 Nf1+ 41. Rxf1 Qxf1 42. Nxc8 1-0


[Site "https://www.chess.com"]

[Event "Titled Tuesday Blitz October 11 Late 2022"]
[White "Mazurkiewicz, Michal"]
[Black "Aldokhin, Ivan"]
[WhiteFideId "1124943"]
[BlackFideId "24115720"]
[WhiteElo "2471"]
[BlackElo "2600"]
[Result "1-0"]
[Round "07"]
[TimeControl "180+1"]
[Date "2022.10.12"]
[WhiteClock "0:00:12"]
[BlackClock "0:00:08"]

1. e4 c5 2. Nf3 e6 3. d3 d5 4. Nbd2 Nc6 5. g3 Bd6 6. Bg2 Nge7 7. O-O O-O 8. Re1 Qc7 9. Qe2 Nd4 10. Nxd4 cxd4 11. e5 Bb4 12. a3 Ba5 13. b4 Bb6 14. Nb3 Bd7 15. Bb2 Ba4 16. Nxd4 Bxd4 17. Bxd4 Qxc2 18. Qf3 Qc7 19. Bc5 Rfc8 20. Rac1 b6 21. Bxe7 Qxe7 22. d4 Bb5 23. Rc3 Bc4 24. h4 a5 25. bxa5 Rxa5 26. h5 h6 27. Bf1 b5 28. Rb1 Rca8 29. Bxc4 bxc4 30. Kg2 Qa7 31. g4 Rb8 32. Rxb8+ Qxb8 33. g5 Qd8 34. gxh6 Qg5+ 35. Qg3 gxh6 36. Qxg5+ hxg5 37. Kh3 Rb5 38. Kg4 Rb3 39. Rc1 Rxa3 40. Kxg5 Rf3 41. Kh6 Rxf2 42. Ra1 Kf8 43. Ra8+ Ke7 44. Ra7+ Ke8 45. Ra8+ Kd7 46. Kg7 Kc6 47. h6 Rg2+ 48. Kxf7 Rh2 49. Kxe6 Rxh6+ 50. Ke7 Rh7+ 51. Kf6 Kb5 52. e6 c3 53. Rc8 Kb4 54. e7 Rxe7 55. Kxe7 Kb3 56. Ke6 c2 57. Kxd5 Kb2 58. Ke6 c1=Q 59. Rxc1 Kxc1 60. d5 Kd2 61. d6 Kd3 62. d7 Ke4 63. d8=Q Ke3 64. Qa5 1-0


[Site "https://www.chess.com"]

[Event "Titled Tuesday Blitz October 11 Late 2022"]
[White "Meduri, Aakaash"]
[Black "Nozdrachev, Leonid"]
[WhiteFideId "2032252"]
[BlackFideId "24113433"]
[WhiteElo "2113"]
[BlackElo "2249"]
[Result "1/2-1/2"]
[Round "07"]
[TimeControl "180+1"]
[Date "2022.10.12"]
[WhiteClock "0:00:04"]
[BlackClock "0:00:01"]

1. Nf3 Nc6 2. d4 d5 3. Bf4 Bg4 4. c4 e6 5. e3 Bb4+ 6. Nc3 Nf6 7. Qb3 a5 8. Be2 a4 9. Qc2 Bf5 10. Bd3 a3 11. Bxf5 exf5 12. O-O axb2 13. Qxb2 dxc4 14. a3 Bxc3 15. Qxc3 Nd5 16. Qxc4 Nxf4 17. exf4 O-O 18. d5 Ne7 19. Rfd1 Ng6 20. g3 Qd6 21. a4 Rfd8 22. Rac1 c6 23. dxc6 Qxd1+ 24. Rxd1 Rxd1+ 25. Kg2 bxc6 26. Qxc6 Rdd8 27. Ne5 Nxe5 28. fxe5 Re8 29. f4 h6 30. h3 g6 31. g4 fxg4 32. hxg4 Rec8 33. Qb5 Rab8 34. Qd3 Rb2+ 35. Kf3 Rcb8 36. Qd6 R2b3+ 37. Ke2 Rc8 38. e6 Re8 39. f5 gxf5 40. gxf5 fxe6 41. fxe6 Rb7 42. Qg3+ Rg7 43. Qe5 Rg6 44. e7 Kf7 45. Qf5+ Kg7 46. Qe5+ Kh7 47. a5 Rg7 48. Qf5+ Kg8 49. Qd5+ Kh8 50. a6 Rexe7+ 51. Kf3 Kh7 52. Qf5+ Kg8 53. Qd5+ Rgf7+ 54. Kg4 Kh7 55. Qd3+ Kh8 56. Qd4+ Kh7 57. Qd3+ Kg7 58. Qd4+ Kg6 59. Qd6+ Kg7 60. Kh5 Rf5+ 61. Kg4 Rg5+ 62. Kf4 Rf7+ 63. Ke4 Rg6 64. Qd4+ Kh7 65. Ke3 Rg3+ 66. Ke2 Rg2+ 67. Ke1 Re7+ 68. Kf1 Ra2 69. Qd3+ Kh8 70. Qc3+ Rg7 71. Qc8+ Kh7 72. Qc6 Rf7+ 73. Ke1 Re7+ 74. Kd1 Rg7 75. Qe4+ Kh8 76. Qe8+ Kh7 77. Qe4+ Rg6 78. Qe7+ Rg7 79. Qe4+ 1/2-1/2


[Site "https://www.chess.com"]

[Event "Titled Tuesday Blitz October 11 Late 2022"]
[White "Mekhane, Adam"]
[Black "Vrbljanac, Aleksandar"]
[WhiteFideId "36050601"]
[BlackFideId "932817"]
[WhiteElo "2486"]
[BlackElo "2604"]
[Result "0-1"]
[Round "07"]
[TimeControl "180+1"]
[Date "2022.10.12"]
[WhiteClock "0:00:01"]
[BlackClock "0:00:12"]

1. e4 e5 2. Nf3 Nc6 3. Bb5 a6 4. Ba4 Nf6 5. O-O Be7 6. Bxc6 dxc6 7. d3 Bd6 8. Nbd2 O-O 9. Nc4 Re8 10. b3 b5 11. Ne3 g6 12. Bb2 Ng4 13. Qd2 Nxe3 14. Qxe3 Qe7 15. Rae1 c5 16. b4 cxb4 17. d4 f6 18. dxe5 fxe5 19. Nd2 c5 20. Qe2 Be6 21. f4 c4 22. Bxe5 Bxe5 23. fxe5 Qc5+ 24. Kh1 Qxe5 25. Nf3 Qc5 26. Rd1 Rad8 27. Rxd8 Rxd8 28. Rd1 Qc7 29. Rd4 Rxd4 30. Nxd4 Qe5 31. Qe3 Bd7 32. h3 a5 33. Nf3 Qd6 34. e5 Qd5 35. Nd4 a4 36. e6 Be8 37. Qf4 b3 38. e7 Qf7 39. Qxf7+ Kxf7 40. cxb3 cxb3 41. axb3 a3 42. Nc2 a2 0-1


[Site "https://www.chess.com"]

[Event "Titled Tuesday Blitz October 11 Late 2022"]
[White "Migot, Tangi"]
[Black "Gasparyan, David"]
[WhiteFideId "662445"]
[BlackFideId "13311980"]
[WhiteElo "2480"]
[BlackElo "2345"]
[Result "1-0"]
[Round "07"]
[TimeControl "180+1"]
[Date "2022.10.12"]
[WhiteClock "0:01:57"]
[BlackClock "0:00:02"]

1. e4 c5 2. Nf3 e6 3. g3 Nf6 4. d3 Nc6 5. Bg2 d6 6. O-O Be7 7. Re1 Qc7 8. c3 Bd7 9. d4 cxd4 10. cxd4 Rc8 11. Nc3 a6 12. e5 dxe5 13. dxe5 Ng4 14. Bf4 h5 15. Ne4 Kf8 16. h3 Nh6 17. Qb3 Nf5 18. Red1 Nb4 19. Rac1 Bc6 20. Nd6 Bxd6 21. exd6 Qa5 22. Bd2 Qxa2 23. Qxb4 Kg8 24. Ne5 Kh7 25. Nxc6 bxc6 26. Rxc6 Rxc6 27. Bxc6 Rd8 28. Be4 1-0


[Site "https://www.chess.com"]